 Dungeon Crawl Stone Soup version 0.29.0-4-gdea44cf6ec (webtiles) character file.

Game seed: 16615812584218088073

36 qw the Chopper (level 3, 0/21 HPs)
             Began as a Tengu Warper on Aug 28, 2022.
             Succumbed to a kobold's poison
             ... on level 1 of the Dungeon.
             The game lasted 00:00:07 (1743 turns).

qw the Chopper (Tengu Warper)                       Turns: 1743, Time: 00:00:08

Health: 0/21       AC:  6    Str: 13    XL:     3   Next: 37%
Magic:  7/7        EV: 11    Int: 13    God:
Gold:   53         SH:  0    Dex: 13    Spells: 6/6 levels left

rFire   . . .      SeeInvis .   Y - +0 broad axe (elec)
rCold   . . .      Faith    .   (no shield)
rNeg    . . .      Spirit   .   k - +0 ring mail
rPois   .          Reflect  .   (helmet restricted)
rElec   .          Harm     .   g - +0 cloak
rCorr   .          Rampage  .   (no gloves)
Will    .....                   (boots unavailable)
Stlth   +.........              (no amulet)
HPRegen 0.07/turn               (no ring)
MPRegen 0.10/turn               (no ring)

@: lethally poisoned (0 -> -1)
A: beak, talons 3
a: no special abilities


You were on level 1 of the Dungeon.
You visited 1 branch of the dungeon, and saw 2 of its levels.

You collected 53 gold pieces.


Innate Abilities, Weirdness & Mutations

You have a beak for a mouth.
You have claws for feet.


   Skills:
 - Level 2.0 Fighting
 + Level 4.1 Axes
 - Level 1.0 Throwing
 - Level 1.1 Armour
 - Level 2.1 Dodging
 - Level 2.0 Spellcasting
 - Level 2.4 Translocations


You had 6 spell levels left.
You didn't know any spells.
Your spell library contained the following spells:

 Spells                   Type           Power      Damage    Failure   Level
 Blink                    Tloc           14%        N/A       30%         2
 Gell's Gravitas          Tloc           7%         N/A       52%         3
 Lesser Beckoning         Tloc           7%         N/A       52%         3
 Teleport Other           Tloc           7%         N/A       52%         3
 Manifold Assault         Tloc           7%         N/A       99%         5

Inventory:

Hand Weapons
 a - a +0 club
 Y - a +0 broad axe of electrocution (weapon)
Armour
 g - a +0 cloak (worn)
 k - a +0 ring mail (worn)
Potions
 d - a potion of brilliance {unknown}
 e - a potion of cancellation
 i - a potion of curing {unknown}
 n - a potion of flight {unknown}

Dungeon Overview and Level Annotations

Branches:
Dungeon (2/15)

Altars:


Message History

You peck the giant cockroach, but do no damage.
The giant cockroach bites you but does no damage. x2
You slash the giant cockroach!
You kill the giant cockroach!
Done exploring.
(D) Dungeon
Where to? (* - list waypoints, Enter - D:2, ? - help)
What level of the Dungeon? (default 1, ? - help)
You climb downwards.
The rat twitches its whiskers.
The kobold hits you with a +1 dagger of venom.
You are poisoned.
The kobold completely misses you.
There is a stone staircase leading up here.
You slash the rat! Lightning courses through the rat!!
You kill the rat!
You miss the kobold.
You feel very sick.
The kobold hits you with a +1 dagger of venom.
You are lethally poisoned!
You hit the kobold.
You kill the kobold!
You feel very sick.
1736 ||| STAIRDANCE You feel sick.
You climb upwards.
You feel very sick.
There is a stone staircase leading down here.
There is a lethal amount of poison in your body!
You feel sick.
There is a lethal amount of poison in your body!
You feel sick.
There is a lethal amount of poison in your body!
You feel sick.
There is a lethal amount of poison in your body!
You feel sick.
There is a lethal amount of poison in your body!
You feel sick.
There is a lethal amount of poison in your body!
You die...

#.##..###.#########.###.#
##....
.................##.#
#.####.#.#.
#####.##########.##.#
#.......... # #...#
####.##.###..###.#.#. #
#.### #.........:..####....
# #.# #.##.##............#.
# #.# #.##.######.########.
###.# #>##.# ####.# #....
....# #.##@###....# #.###
##### #.##........# #.# #
##...####.##.# #.#
##.....###.##.# #.#
#.......##.#..# #.###
##.............# #....
#........##.#.## #####
##########.#.....###.#.###
#
#................###.#.#.##
#


There were no monsters in sight!

Vanquished Creatures
  A dart slug (D:1)
  4 endoplasms (D:1)
  4 giant cockroaches (D:1)
  5 goblins
  3 hobgoblins
  3 ball pythons
  A bat (D:1)
  3 frilled lizards (D:1)
  3 kobolds
  4 rats
31 creatures vanquished.

Notes
Turn   | Place    | Note
-------+----------+-------------------------------------------
     0 | D:1      | qw the Tengu Warper began the quest for the Orb.
     0 | D:1      | Reached XP level 1. HP: 12/12 MP: 4/4
     0 | D:1      | 0 ||| qw: Version: 0.1-a-89-g26bdef1
     0 | D:1      | 0 ||| qw: Game counter: 926
     0 | D:1      | 0 ||| qw: Always use a shield: true
     0 | D:1      | 0 ||| qw: God list: Okawaru
     0 | D:1      | 0 ||| qw: Allow faded altars: false
     0 | D:1      | 0 ||| qw: Do Orc after D:15 true
     0 | D:1      | 0 ||| qw: Do second Lair branch before Depths: true
     0 | D:1      | 0 ||| qw: Lair rune preference: random
     0 | D:1      | 0 ||| qw: Plans: Normal
     0 | D:1      | 0 ||| PLANNING D:1-11
   257 | D:1      | Reached skill level 3 in Axes
   257 | D:1      | Reached XP level 2. HP: 17/17 MP: 6/6
   510 | D:1      | HP: 3/17 [goblin/+0 club (3)]
   783 | D:1      | 783 ||| DROPPING +0 club.
  1078 | D:1      | 1078 ||| Stepping ~*~*~tactically~*~*~ (stealth).
  1207 | D:1      | Reached XP level 3. HP: 21/21 MP: 7/7
  1216 | D:1      | 1216 ||| DROPPING +0 whip.
  1241 | D:1      | You fall into a shaft and drop 1 floor!
  1333 | D:2      | 1333 ||| Stepping ~*~*~tactically~*~*~ (stealth).
  1336 | D:2      | 1336 ||| Stepping ~*~*~tactically~*~*~ (stealth).
  1418 | D:2      | 1418 ||| UPGRADING to +0 cloak.
  1423 | D:2      | 1423 ||| UPGRADING to +0 ring mail.
  1433 | D:2      | 1433 ||| DROPPING +0 leather armour.
  1434 | D:2      | 1434 ||| READING scroll labelled IMNICEZUMOZE.
  1435 | D:2      | 1435 ||| READING scroll labelled TAPRAT FYPPIUL.
  1435 | D:2      | Identified a scroll of acquirement
  1435 | D:2      | 1435 ||| ACQUIRING +0 broad axe of flaming
  1435 | D:2      | Acquired a +0 broad axe of flaming
  1437 | D:2      | 1437 ||| SWAPPING to +0 broad axe of flaming.
  1438 | D:2      | 1438 ||| DROPPING +0 flail.
  1439 | D:2      | 1439 ||| DROPPING +0 hand axe.
  1440 | D:2      | 1440 ||| READING scroll labelled KUSKOZ DAE.
  1441 | D:2      | 1441 ||| READING scroll labelled PUR FOIM OQE.
  1442 | D:2      | 1442 ||| READING scroll labelled BIOFUTRIRIY.
  1443 | D:2      | 1443 ||| DRINKING 2 grey potions.
  1444 | D:2      | 1444 ||| DROPPING scroll of blinking.
  1526 | D:1      | Reached skill level 4 in Axes
  1621 | D:2      | 1621 ||| STAIRDANCE
  1728 | D:2      | 1728 ||| STAIRDANCE
  1736 | D:2      | 1736 ||| STAIRDANCE
  1738 | D:1      | HP: 5/21 [poisoned by a kobold]
  1741 | D:1      | HP: 2/21 [poisoned by a kobold]
  1743 | D:1      | Succumbed to a kobold's poison

Levels and vault maps discovered:
D:1:      dpeg_arrival_shrine, layout_loops_ring
D:2:      layout_loops_ring, ebering_ecumenical_altar_ruins

Skill      XL: |  1  2  3 |
---------------+----------+-----
Axes           | 3 4 |  4.1
Fighting       | |  2.0
Throwing       | |  1.0
Armour         | |  1.1
Dodging        | |  2.1
Spellcasting   | |  2.0
Translocations | |  2.4

Action                   || total
-------------------------++-------
Melee: Hand axe          ||    54
       Kick              ||    11
       Peck              ||     4
       Punch             ||     1
       Broad axe         ||     7
Throw: Boomerang         ||     7
  Use: Scroll            ||     5
       Potion            ||     1
Armor: Leather armour    ||    10
       Ring mail         ||     3
Dodge: Dodged            ||    21

Table legend:
 A = Non-vault XP
 B = Vault XP
 C = Vault XP percentage of total XP
 D = Non-vault monster count
 E = Vault monster count
 F = Vault count percentage of total count
                 A         B        C        D         E       F
            +---------+---------+-------+---------+---------+-------
      Total |      52 |       0 |   0.0 |      31 |       0 |   0.0
            +---------+---------+-------+---------+---------+-------
        D:1 |      40 |       0 |   0.0 |      23 |       0 |   0.0
        D:2 |      12 |       0 |   0.0 |       8 |       0 |   0.0
            +---------+---------+-------+---------+---------+-------
